 Dungeon Crawl Stone Soup version 0.26.1-11-gd32895ea62 (webtiles) character file.

Game seed: 2661014564549016422

916 jlumianski the Caller (level 7, -1/27 HPs)
             Began as a Felid Summoner on May 23, 2021.
             Was an Initiate of Gozag.
             Splashed by Joseph's acid (13 damage)
             ... on level 7 of the Dungeon.
             The game lasted 00:42:47 (9389 turns).

jlumianski the Caller (Felid Summoner)              Turns: 9389, Time: 00:42:50

Health: -1/27      AC:  2    Str:  4    XL:     7   Next: 83%
Magic:  10/17      EV: 22    Int: 24    God:    Gozag
Gold:   766        SH:  0    Dex: 17    Spells: 10/19 levels left
                                        Lives:  0   Deaths: 2

rFire    . . .     SeeInvis +     - Unarmed
rCold    . . .     Faith    .   (shield unavailable)
rNeg     . . .     Spirit   .   (armour unavailable)
rPois    .         Reflect  .   (helmet unavailable)
rElec    .         Harm     .   (cloak unavailable)
rCorr    .         Rampage  .   (gloves unavailable)
Will     +....                  (boots unavailable)
Stlth    +++.......             (no amulet)
HPRegen  0.09/turn              q - +4 ring of evasion
MPRegen  0.15/turn              A - +6 ring of intelligence

@: quick
A: very small, no armour, no weapons or thrown items, stealth, claws 1, fangs 3,
see invisible, speed 1, shaggy fur 2, sharp paws
a: Renounce Religion, Potion Petition, Call Merchant, Bribe Branch


You were on level 7 of the Dungeon.
You worshipped Gozag.
Gozag was pleased with you.
You visited 2 branches of the dungeon, and saw 8 of its levels.

You collected 797 gold pieces.
You paid 31 gold pieces to Gozag.

Inventory:

Jewellery
 b - an uncursed ring of flight
 n - an uncursed ring of positive energy
 q - a +4 ring of evasion (left paw)
 s - an uncursed ring of attention
 A - a +6 ring of intelligence (right paw)
Wands
 g - a wand of iceblast (17)
 r - a wand of digging (5)
 C - a wand of enslavement (8)
Scrolls
 c - 3 scrolls of magic mapping {unknown}
 e - 3 scrolls of remove curse
 i - a scroll of amnesia {unknown}
 j - 2 scrolls of immolation {unknown}
 k - a scroll of noise {unknown}
 o - 3 scrolls of fear {unknown}
 t - a scroll of teleportation {unknown}
 u - a scroll of blinking {unknown}
 v - 2 scrolls of enchant armour {unknown}
 w - 5 scrolls of identify
 x - a scroll of silence {unknown}
 y - a scroll of torment {unknown}
 z - a scroll of enchant weapon {unknown}
 D - a scroll of vulnerability {unknown}
Potions
 a - 4 potions of curing {unknown}
 d - 2 potions of attraction
 f - a potion of lignification
 h - 2 potions of haste
 l - a potion of might {unknown}
 m - a potion of invisibility {unknown}
 p - a potion of ambrosia {unknown}
 B - a potion of magic {unknown}


   Skills:
 + Level 0.2 Fighting
 + Level 3.1 Dodging
 + Level 4.1 Stealth
 + Level 1.6 Unarmed Combat
 + Level 6.5 Spellcasting
 + Level 2.0 Hexes
 + Level 7.6 Summonings


You had 10 spell levels left.
You knew the following spells:

 Your Spells              Type           Power        Failure   Level
a - Summon Small Mammal   Summ           100%         1%          1
b - Call Imp              Summ           44%          1%          2
c - Call Canine Familiar  Summ           44%          1%          3
d - Summon Guardian Gole  Hex/Summ       31%          3%          3

Your spell library contained the following spells:

 Spells                   Type           Power        Failure   Level
 Corona                   Hex            18%          3%          1
 Magic Dart               Conj           28%          8%          1
 Ensorcelled Hibernation  Hex/Ice        24%          8%          2
 Confusing Touch          Hex            17%          10%         3
 Tukima's Dance           Hex            17%          10%         3
 Searing Ray              Conj           14%          12%         2
 Dazzling Flash           Conj/Hex       24%          16%         3
 Summon Ice Beast         Ice/Summ       26%          16%         4
 Summon Lightning Spire   Summ/Air       26%          16%         4
 Fulminant Prism          Conj/Hex       6%           45%         4
 Iskenderun's Mystic Bla  Conj/Tloc      7%           58%         4


Dungeon Overview and Level Annotations

Branches:
Dungeon (7/15)             Temple (1/1) D:5

Altars:
Ashenzari
Cheibriados
Elyvilon
Gozag
Hepliaklqana
Kikubaaqudgha
Nemelex Xobeh
Wu Jian
Xom
The Shining One
Beogh

Annotations:
D:4 2 runed translucent doors, Zeld's ghost, weakling OpGl
D:7 Joseph


Innate Abilities, Weirdness & Mutations

You cannot wear armour.
You are incapable of wielding weapons or throwing items.
Your paws allow you to move quietly. (Stealth)
You have sharp claws.
You have razor-sharp teeth.
You have supernaturally acute eyesight. (SInv)
You cover ground quickly.
You are covered in thick fur. (AC +2)
Your sharp claws are effective at attacking unaware monsters.


Message History

Confirm with . or Enter, or press ? or * to list all spells.
Your wolf closely misses Joseph.
Your quokka closely misses Joseph.
Joseph hits your quokka with a +0 quarterstaff!!
Your quokka dies!
Your quokka's corpse disappears in a puff of smoke!
Your wolf bites Joseph!
Your wolf closely misses Joseph.
Your crimson imp blinks!
Joseph barely misses your wolf.
Your wolf bites Joseph.
Your wolf bites Joseph.
Joseph shouts, "Wow!"
Joseph drinks a potion.
Joseph is healed!
Your wolf bites Joseph!
Your wolf bites Joseph.
Joseph zaps a wand.
The bolt of acid misses your wolf.
The bolt of acid misses your crimson imp.
The bolt of acid hits you!
Ouch! That really hurt!
You are splashed with acid!
You die...
Your body crumbles into a pile of gold.

.# #.##....##.## .#
#.##....##..# # .#
#.##....###.###.# .... ##
#.......'.......##....#
####....####@##.##....#
###### #h8# #[...#
##5####$$..# ########
#5.r.......# .......#
#.@...$....# #####5##
#....).....#
....#.#########..........####
....#...........5.....###...#
#####<.........##'###.#
#.#.#####
.....).........##..##.#
#.#.....#
#####..........###.##.#
#.#####.# #..........# #.##)#
#.#...#.# ############
#..#)###.....#.#


You could see Joseph, a friendly guardian golem (summoned), a friendly wolf
(summoned, sheltered), 3 friendly crimson imps and a friendly quokka (summoned,
sheltered).

Vanquished Creatures
  A centaur skeleton (D:7)
  2 leopard geckos (D:6)
  2 orcs (D:6)
  A giant cockroach (D:2)
  A goblin (D:3)
  A quokka (D:6)
  A bat (D:2)
  2 frilled lizards
  A butterfly (D:5)
12 creatures vanquished.

Vanquished Creatures (collateral kills)
  Harold (D:7)
  Menkaure (D:5)
  A water moccasin (D:6)
  A sky beast (D:7)
  A necrophage (D:7)
  2 black bears
  4 ogres
  A phantom (D:4)
  A bullfrog (D:6)
  A howler monkey (D:4)
  A centaur zombie (D:5)
  An iron imp (D:6)
  A gnoll shaman (D:5)
  2 jellies
  A centaur skeleton (D:5)
  Ijyb (D:4)
  An orc wizard (D:4)
  Natasha (thrice) (D:4)
  A hound zombie (D:7)
  5 gnolls
  7 adders
  A white imp (D:7)
  2 ufetubi
  3 adder skeletons
  3 worms
  2 dart slugs
  4 leopard geckos
  17 orcs
  6 bats
  7 goblins
  4 hobgoblins
  2 jackals (D:7)
  4 kobolds
  5 quokkas
  3 frilled lizards
  A jackal skeleton (D:6)
  3 rats
105 creatures vanquished.

Vanquished Creatures (others)
  The ghost of roflc0ptic the Insei, an amateur OpTm of Cheibriados (D:5)
  An orc priest (D:5)
  An orc (D:5)
3 creatures vanquished.

Grand Total: 120 creatures vanquished

Notes
Turn   | Place    | Note
-------+----------+-------------------------------------------
     0 | D:1      | jlumianski the Felid Summoner began the quest for the Orb.
     0 | D:1      | Reached XP level 1. HP: 7/7 MP: 4/4
   489 | D:1      | Reached XP level 2. HP: 11/11 MP: 3/6
   492 | D:1      | Learned a level 2 spell: Call Imp
  1572 | D:2      | Found a faded altar of an unknown god.
  1836 | D:2      | Reached XP level 3. HP: 14/14 MP: 1/7
  2333 | D:2      | Found a broken altar of Ashenzari.
  3809 | D:3      | Found a hazy altar of Hepliaklqana.
  3817 | D:3      | Found an ancient bone altar of Kikubaaqudgha.
  3820 | D:3      | Found an opulent altar of Gozag.
  3822 | D:3      | Found a white marble altar of Elyvilon.
  3828 | D:3      | Became a worshipper of Gozag Ym Sagoz the Greedy
  3903 | D:4      | Learned a level 3 spell: Call Canine Familiar
  3909 | D:4      | Reached XP level 4. HP: 18/18 MP: 3/9
  3981 | D:4      | Noticed Ijyb
  4031 | D:4      | Found a large runed translucent door.
  4032 | D:4      | Found a large runed translucent door.
  4032 | D:4      | Noticed Zeld's ghost (weakling OpGl)
  4060 | D:4      | Killed Ijyb
  4111 | D:4      | Noticed an ogre
  4117 | D:4      | Demolished by an ogre
  4118 | D:4      | Reached XP level 3. HP: -16/14 MP: 8/8
  4240 | D:4      | Noticed Natasha
  4275 | D:4      | Killed Natasha
  4338 | D:4      | Noticed Natasha
  4365 | D:4      | Killed Natasha
  4715 | D:4      | Noticed Natasha
  4741 | D:4      | Killed Natasha
  4742 | D:4      | Reached skill level 5 in Summonings
  4742 | D:4      | Reached XP level 4. HP: 18/18 MP: 4/9
  4887 | D:4      | Noticed a phantom
  4962 | D:4      | Killed a phantom
  5164 | D:4      | Reached XP level 5. HP: 11/21 MP: 4/11
  5175 | D:4      | Killed an ogre
  5512 | D:5      | Entered Level 5 of the Dungeon
  5536 | D:5      | Noticed Menkaure
  5556 | D:5      | Killed Menkaure
  5557 | D:5      | Gained mutation: You are covered in thick fur. (AC +2)
                  | [Felid growth]
  5557 | D:5      | Reached XP level 6. HP: 24/24 MP: 4/13
  5665 | D:5      | Found a runed translucent gate.
  5665 | D:5      | Noticed roflc0ptic's ghost (amateur OpTm)
  5666 | D:5      | Found a runed translucent gate.
  5666 | D:5      | Found a runed translucent gate.
  5679 | D:5      | Found a roughly hewn altar of Beogh.
  5696 | D:5      | Found a staircase to the Ecumenical Temple.
  5792 | D:5      | Reached skill level 6 in Summonings
  5810 | Temple   | Entered the Ecumenical Temple
  6147 | D:5      | Learned a level 3 spell: Summon Guardian Golem
  6661 | D:5      | HP: 1/24 [orc priest/divine providence (11)]
  6673 | D:5      | Killed roflc0ptic's ghost
  6977 | D:6      | Found a shimmering altar of Xom.
  6998 | D:6      | Reached skill level 5 in Spellcasting
  7390 | D:6      | Reached skill level 1 in Unarmed Combat
  7653 | D:6      | Reached XP level 7. HP: 27/27 MP: 4/15
  7788 | D:6      | Found a snail-covered altar of Cheibriados.
  8177 | D:7      | Noticed Joseph
  8332 | D:7      | Shot with a sling bullet by Joseph
  8333 | D:7      | Reached XP level 6. HP: -8/24 MP: 8/15
  8365 | D:7      | Found a glowing golden altar of the Shining One.
  8943 | D:7      | Noticed Harold
  8982 | D:7      | Killed Harold
  8983 | D:7      | Reached skill level 1 in Hexes
  8983 | D:7      | Reached skill level 7 in Summonings
  8983 | D:7      | Reached XP level 7. HP: 11/27 MP: 5/17
  9389 | D:7      | Splashed by Joseph's acid

Illustrated notes

Levels and vault maps discovered:
D:1:      dpeg_arrival_court, layout_loops_cross
D:2:      layout_basic, ashenzari_conservatory_becter,
          chequers_ecumenical_altar_grove
D:3:      layout_loops_corners, minitemple, minmay_close_crescents
D:4:      layout_loops_ring, ebering_ghost_disaster_area,
          chequers_serial_rivers_large_b, uniq_natasha, uniq_ijyb
D:5:      layout_basic, minmay_temple_entry_butterflies,
          biasface_ghost_orc_armoury, nrook_pool_corridor, uniq_menkaure
D:6:      layout_gridville, kennysheep_little_box, slow_altar_2
D:7:      layout_basic, lemuel_crystal_altar, uniq_joseph, uniq_harold
Temple:   nicolae_temple_great_sept

Skill      XL: |  1  2  3  4  5  6  7 |
---------------+----------------------+-----
Stealth        | 3 4 |  4.1
Dodging        | 3 |  3.1
Spellcasting   | 3 4 6 |  6.5
Summonings     | 5 7 |  7.6
Unarmed Combat | 1 |  1.6
Hexes          | 1 2 |  2.0
Fighting       | |  0.2

Action                   |  1- 3 |  4- 6 |  7- 9 || total
-------------------------+-------+-------+-------++-------
Melee: Unarmed           |    13 |    30 |     2 ||    45
       Bite              |       |     1 |       ||     1
 Cast: Summon Small Mamm |    89 |    30 |    14 ||   133
       Call Imp          |    37 |    43 |    13 ||    93
       Call Canine Famil |     4 |    20 |     8 ||    32
       Summon Guardian G |       |     6 |     5 ||    11
Evoke: Wand              |       |     2 |       ||     2
  Use: Scroll            |     5 |     1 |       ||     6
       Potion            |     3 |     1 |       ||     4
 Stab: Sleeping          |     7 |     6 |     1 ||    14
       Distracted        |       |       |     1 ||     1
Armor: Skin              |     5 |     3 |       ||     8
Dodge: Dodged            |    53 |    59 |     6 ||   118
